[Event "*** Titled Tuesday 3|2 Blitz"]
[Site "Chess.com"]
[Date "2016.01.05"]
[Round "1"]
[White "tac49"]
[Black "ajkom197"]
[Result "0-1"]
[WhiteElo "2472"]
[BlackElo "2209"]
[TimeControl "180+2"]
[EndTime "11:08:11 PST"]
[Termination "ajkom197 won by resignation"]

1. e4 c6 2. Nf3 d5 3. Nc3 dxe4 4.
Nxe4 Nd7 5. d4 Ngf6 6. Nxf6+ Nxf6 7. h3 Bf5 8. Bc4 e6 9. O-O Be7 10. c3 O-O 11. Re1 Qc7 12. Bg5 h6 13. Bh4 Nd5 14. Bg3 Bd6 15. Bxd6 Qxd6 16. Ne5 b5 17. Bb3 a5 18. a4 b4 19. c4 Ne7 20. Qd2 Rad8 21. Rad1 c5 22. d5 Ng6 23. Nxg6 Bxg6 24. Qe3 Rfe8 25. dxe6 Qxe6 26. Rxd8 Rxd8 27. Qxe6 fxe6 28. Rxe6 Kf7 29. Re2 Rd4 30. f3 Kf6 31. Kf2 Bf7 32. Rc2 Rd3 33. Ke2 Rxb3 34. Kd1 Bg6 35. Rd2 0-1

[Event "*** Titled Tuesday 3|2 Blitz"]
[Site "Chess.com"]
[Date "2016.01.05"]
[Round "1"]
[White "Haridaskesavan"]
[Black "Iball95"]
[Result "0-1"]
[WhiteElo "2100"]
[BlackElo "2399"]
[TimeControl "180+2"]
[EndTime "11:08:15 PST"]
[Termination "Iball95 won by resignation"]

1. e4 e5 2. Nf3 Nc6 3. Bc4 Bc5 4. c3 Nf6 5. d4 exd4 6. O-O Nxe4 7. cxd4 Bb6 8. d5 Ne7 9. Qe2 Nd6 10. Bd3 c6 11. Nc3 Kf8 12. Bf4 Bc7 13. Rad1 Ng6 14. Bg3 Qe7 15. Qd2 Ne8 16. Rfe1 Qd8 17. Bxg6 hxg6 18. d6 Ba5 19. Re7 Rh5 20. Rde1 Nf6 21. Be5 b6 22. Bxf6 gxf6 23. Qe3 Ba6 24. Qf4 Kg7 25.
g4 Rc5 26. Ne4 f5 27. Ne5 Bc4 28. gxf5 Bxe1 29. f6+ Kg8 30. Ng5 Rxe5 31. Qh4 Rxg5+ 32. Qxg5 Bb4 33. Qh4 Bxd6 34. Re3 Be6 35. Rh3 Bxh3 36. Qxh3 Qxf6 0-1

[Event "*** Titled Tuesday 3|2 Blitz"]
[Site "Chess.com"]
[Date "2016.01.05"]
[Round "1"]
[White "Zlatan56"]
[Black "alex_zapata"]
[Result "1-0"]
[WhiteElo "2539"]
[BlackElo "2226"]
[TimeControl "180+2"]
[EndTime "11:08:16 PST"]
[Termination "Zlatan56 won by resignation"]

1. Nf3 d5 2. g3 Nf6 3. Bg2 c5 4.
O-O Nc6 5. d4 Bf5 6. dxc5 e6 7. c4 Bxc5 8. cxd5 Nxd5 9. Nbd2 Nf6 10. b3 O-O 11. Bb2 Ne4 12. Nxe4 Bxe4 13. Qxd8 Rfxd8 14. Rac1 Be7 15. Rfd1 Bf6 16. Bxf6 gxf6 17. Ne1 Bxg2 18.
Kxg2 Kf8 19. Nd3 Nd4 20. e3 Nb5 21. Rc5 Nd6 22. Nf4 Ke7 23. Rc7+ Rd7 24. Rxd7+ Kxd7 25.
Nh5 f5 26. Nf6+ Ke7 27. Nxh7 Ne4 28. f3 Nc3 29. Rc1 Rc8 30. Ng5 Rc6 31. Rc2 a5 32. h4 Kf6 33. Nh3 b5 34. Nf4 b4 35. Ne2 Kg6 36. Kf1 Rd6 37. Nxc3 Rc6 38. Ke2 bxc3 39. Kd3 Rd6+ 40. Kxc3 Rd1 41. Kc4 Rg1 42. Kb5 Rxg3 43.
Rf2 f4 44. exf4 Kf5 45. Kxa5 Kxf4 46. b4 Ke3 47. Rb2 Kxf3 48. Rb3+ Kf2 49. Rxg3 Kxg3 50. b5 e5 51. b6 e4 52. b7 e3 53. b8=Q+ Kf2 1-0

[Event "*** Titled Tuesday 3|2 Blitz"]
[Site "Chess.com"]
[Date "2016.01.05"]
[Round "1"]
[White "KNVB"]
[Black "JustKid"]
[Result "1-0"]
[WhiteElo "2407"]
[BlackElo "2108"]
[TimeControl "180+2"]
[EndTime "11:08:24 PST"]
[Termination "KNVB won by resignation"]

1. d4 d5 2. c4 e6 3. Nc3 c5 4. e3 Nf6 5. Nf3 a6 6. cxd5 exd5 7.
dxc5 Bxc5 8. Be2 Nc6 9. O-O O-O 10.
Nd4 Re8 11. Nxc6 bxc6 12. b3 Bf5 13. Bb2 Qe7 14. Rc1 Ba3 15. Qd2 Bxb2 16. Qxb2 Ne4 17. Nxe4 Bxe4 18. Rfe1 Qg5 19. Bf1 Re6 20. g3 h5 21. h4 Qf5 22. Bg2 g5 23. hxg5 h4 24. f3 Bd3 25. gxh4 Rae8 26. Qf2 a5 27. Rcd1 Bb5 28.
Kh2 Kg7 29. Bh3 Qe5+ 30. f4 Qe4 31. Bxe6 Qxe6 32. f5 Qe5+ 33. Qf4 Qb2+ 34. Kg3 Re4 35. f6+ Kg6 36. h5+ Kh7 37. Qf5+ Kg8 38. g6 Re5 39. Qc8+ 1-0

[Event "*** Titled Tuesday 3|2 Blitz"]
[Site "Chess.com"]
[Date "2016.01.05"]
[Round "1"]
[White "Quinten94"]
[Black "nijat_a"]
[Result "0-1"]
[WhiteElo "2252"]
[BlackElo "2640"]
[TimeControl "180+2"]
[EndTime "11:08:25 PST"]
[Termination "nijat_a won by resignation"]

1. e4 Nf6 2. e5 Nd5 3. d4 d6 4.
Nf3 Bg4 5. Be2 e6 6. O-O Be7 7. h3 Bh5 8. c4 Nb6 9. Nc3 O-O 10. Be3 Nc6 11. exd6 cxd6 12. d5 Bxf3 13. Bxf3 Ne5 14.
dxe6 fxe6 15. Bg4 Nxg4 16. Qxg4 Rf6 17. Rfd1 Rg6 18. Qe4 Qc7 19. Rac1 Qc6 20. b3 Nd7 21. a4 a6 22. b4 Ne5 23. b5 Qxe4 24. Nxe4 Nf7 25. Bf4 e5 26. Be3 Bf8 27. Kf1 axb5 28. axb5 Re6 29. Ra1 Ree8 30. Ke2 Rec8 31. Kd3 Be7 32.
Nc3 Bd8 33. Nd5 Kf8 34. Bb6 Rab8 35. Ra7 Bxb6 36. Nxb6 Rd8 37. h4 Nh6 38. Nd5 g6 39. Ke4 Kf7 40. g3 Ng4 41. Rd2 Nf6+ 42. Nxf6 Kxf6 43. b6 Ke6 44. f4 Rdc8 45. Ra4 exf4 46. Kxf4 Rc6 47. Kg5 Rf8 48. Kh6 Rf3 49. g4 Rf4 50.
Re2+ Kd7 51. Ra8 Rxg4 52. Rae8 Rxh4+ 53. Kg7 Rcxc4 0-1

[Event "*** Titled Tuesday 3|2 Blitz"]
[Site "Chess.com"]
[Date "2016.01.05"]
[Round "1"]
[White "MinhGTrAn"]
[Black "ruifeng"]
[Result "1-0"]
[WhiteElo "2591"]
[BlackElo "2235"]
[TimeControl "180+2"]
[EndTime "11:08:29 PST"]
[Termination "MinhGTrAn won by resignation"]

1. d4 Nf6 2. c4 g6 3. Nc3 Bg7 4. Bf4 d6 5. e3 O-O 6. Nf3 Nbd7 7. Be2 Qe8 8. Nb5 Qd8 9. O-O c6 10. Nc3 Qe8 11. h3 e5 12. Bh2 Qe7 13. dxe5 dxe5 14.
Qd2 b6 15. Rfd1 Bb7 16. Qd6 Rfe8 17. Qc7 Ba6 18. Qxc6 Rac8 19. Qa4 Nc5 20. Qa3 e4 21. Nd4 Bb7 22. Qxa7 Nfd7 23. Qa3 Ne5 24. Nd5 Bxd5 25.
cxd5 Ned3 26. b4 Ra8 27. Qc3 Na4 28. Qc7 Qxb4 29. Bxd3 exd3 30. Rxd3 Bxd4 31. Rxd4 Qb2 32. Qc1 Qe2 33. Bg3 Rac8 34. Qd2 Nc3 35. d6 Red8 36.
d7 Ra8 37. Qxc3 Rxa2 38. Rxa2 Qxa2 39. Qc7 Qb1+ 40. Kh2 1-0

[Event "*** Titled Tuesday 3|2 Blitz"]
[Site "Chess.com"]
[Date "2016.01.05"]
[Round "1"]
[White "IMRosen"]
[Black "Shankland"]
[Result "0-1"]
[WhiteElo "2217"]
[BlackElo "2531"]
[TimeControl "180+2"]
[EndTime "11:08:33 PST"]
[Termination "Shankland won by resignation"]

1. c4 g5 2. Nc3 Bg7 3. d4 h6 4. g3 d6 5. Bg2 Nc6 6. d5 Ne5 7. Nf3 Nxf3+ 8. Bxf3 Nf6 9. O-O Bh3 10. Re1 Qd7 11. Be3 Ng4 12. Bd4 Ne5 13. Bh1 h5 14. e3 h4 15. Qa4 Qxa4 16. Nxa4 hxg3 17. hxg3 g4 18. Bxe5 Bxe5 19. Be4 O-O-O 20. Nc3 Rh5 21.
Rab1 Rdh8 22. Ne2 Kd7 23. Nf4 R5h6 24. Nxh3 Rxh3 25. Bf5+ e6 26. Bxg4 Rh1+ 27. Kg2 R8h2+ 28. Kf3 Rxe1 29. Rxe1 f5 30. dxe6+ Kxe6 31. Bxf5+ Kxf5 32. b3 Ke6 33. Rd1 a5 34. Rd2 b6 35. Kg4 a4 36. Re2 a3 37. Rd2 c6 38. e4 c5 39.
Kf3 Bd4 40. b4 Rxf2+ 41. Rxf2 Bxf2 42. bxc5 Bxc5 43. Kf4 Bb4 44. g4 Bd2+ 45. Kf3 Ke5 46. Ke2 Bh6 47. Kd3 Kf4 48. Kd4 Kxg4 49. Kd5 Kf4 50.
Kxd6 Kxe4 51. c5 Bf8+ 52. Kc6 bxc5 53. Kb5 Kd3 54. Ka4 c4 0-1

[Event "*** Titled Tuesday 3|2 Blitz"]
[Site "Chess.com"]
[Date "2016.01.05"]
[Round "1"]
[White "pedromartinez91"]
[Black "pKiLz5Rn9b"]
[Result "0-1"]
[WhiteElo "2053"]
[BlackElo "2354"]
[TimeControl "180+2"]
[EndTime "11:08:33 PST"]
[Termination "pKiLz5Rn9b won by resignation"]

1. d4 e6 2. c4 Nf6 3. Nf3 b6 4. Nc3 Bb4 5. Bg5 h6 6. Bxf6 Qxf6 7. Qc2 a5 8. a3 Bxc3+ 9. Qxc3 Bb7 10. Nd2 d6 11. f3 O-O 12. e4 Nc6 13. d5 Qxc3 14.
bxc3 Ne5 15. f4 Nd7 16. Kf2 Nc5 17. g3 Rfe8 18. Bg2 Ba6 19. Ke3 Rad8 20. Rhf1 Re7 21.
Rfe1 Rde8 22. Kf3 e5 23. f5 Nd3 24. Reb1 Rc8 25. Ke3 Nc5 26. Bf1 Kf8 27. g4 Nd7 28. h4 g5 29. Be2 Kg7 30. Rh1 Nf6 31. Kf3 c6 32. Rab1 Rb7 33. dxc6 Rxc6 34. Ke3 Rb8 35. a4 Nd7 36. hxg5 hxg5 37. Rh5 Kf6 38. Rh6+ Ke7 39.
Nb3 Bxc4 40. Nxa5 bxa5 41. Rxb8 Nxb8 42. f6+ Ke6 43. Bd1 Nd7 44. Rh5 Nxf6 45. Rxg5 Ke7 46.
Rf5 Be6 47. Rf2 Rxc3+ 48. Kd2 Nxe4+ 0-1

[Event "*** Titled Tuesday 3|2 Blitz"]
[Site "Chess.com"]
[Date "2016.01.05"]
[Round "1"]
[White "Lupul_Cenusiu"]
[Black "Carolina-moon"]
[Result "1-0"]
[WhiteElo "2363"]
[BlackElo "2017"]
[TimeControl "180+2"]
[EndTime "11:08:35 PST"]
[Termination "Lupul_Cenusiu won by checkmate"]

1. d4 f5 2. Nc3 Nf6 3. Bg5 d5 4. Nf3 e6 5. e3 Nbd7 6. Bd3 h6 7. Bf4 Nh5 8. Be5 Nxe5 9. Nxe5 Nf6 10. Ng6 Rg8 11.
h4 h5 12. Be2 Ng4 13. Bxg4 hxg4 14. Ne2 Bd6 15. Nef4 Bxf4 16. exf4 Qf6 17. Ne5 Bd7 18.
Qe2 O-O-O 19. a4 Be8 20. g3 Qf8 21. Ra3 g6 22. Qd2 Qd6 23. Qc3 Kb8 24. b4 Qa6 25. b5 Qb6 26. Kd2 Rc8 27. Rb1 Ka8 28. a5 Qd6 29.
Qc5 Rf8 30. Rc3 Qxc5 31. dxc5 c6 32. bxc6 Bxc6 33. Ke3 Rfd8 34. Kd4 Be8 35. Ra3 a6 36. Rb6 Bc6 37. Nxg6 Ka7 38. Rab3 Rc7 39. Ne5 Rdc8 40. Nxc6+ bxc6 41. Ke5 Re8 42. Re3 Ree7 43. Kd4 Re8 44. Re5 Ree7 45. c3 Re8 46. Rb1 Ree7 47. Rbe1 Rb7 48.
Rxe6 Rxe6 49. Rxe6 Rb2 50. h5 Rxf2 51. h6 Rh2 52.
Ke5 Rh5 53. Re7+ Kb8 54. h7 d4 55. cxd4 Rh6 56. Re8+ Kc7 57. h8=Q Re6+ 58. Kxe6 Kb7 59. Re7# 1-0

[Event "*** Titled Tuesday 3|2 Blitz"]
[Site "Chess.com"]
[Date "2016.01.05"]
[Round "1"]
[White "nonsopolo1"]
[Black "amaidel"]
[Result "0-1"]
[WhiteElo "2083"]
[BlackElo "2372"]
[TimeControl "180+2"]
[EndTime "11:08:47 PST"]
[Termination "amaidel won by resignation"]

1. e4 e6 2. d3 d5 3. Nd2 Nf6 4. Ngf3 c5 5. g3 Nc6 6. Bg2 g6 7. O-O Bg7 8. Re1 O-O 9. c3 dxe4 10. dxe4 Ng4 11. h3 Nge5 12. Nb3 Nd3 13. Re3 c4 14. Nbd2 b5 15. a4 Nxc1 16. Rxc1 a6 17. Re1 Bb7 18. Nb1 Qb6 19. Re2 Rfd8 20. Qc2 Na5 21. axb5 axb5 22. Nbd2 Rd7 23. Rce1 Rad8 24. h4 Bc6 25. h5 Nb7 26. hxg6 hxg6 27. Nf1 Nc5 28. N1h2 Nd3 29.
Ra1 b4 30. Ne1 Nxf2 31. Kf1 Nd3 32. Nhf3 b3 33. Qd2 Nc5 34. Qe3 Rd1 35. Rxd1 Rxd1 36. g4 Bxe4 37. Nd2 Bd3 38. Kf2 Qc7 39. Nxd3 Nxd3+ 40.
Kf3 Nxb2 41. Bf1 Nd3 42. Ne4 Rxf1+ 43. Kg2 Rf4 44. Qg3 b2 0-1

[Event "*** Titled Tuesday 3|2 Blitz"]
[Site "Chess.com"]
[Date "2016.01.05"]
[Round "1"]
[White "Colombiano07"]
[Black "Aygehovit1992"]
[Result "1-0"]
[WhiteElo "2133"]
[BlackElo "2423"]
[TimeControl "180+2"]
[EndTime "11:08:50 PST"]
[Termination "Colombiano07 won by resignation"]

1. e4 c5 2. Nf3 e6 3. d4 cxd4 4.
Nxd4 Nc6 5. Nc3 Qc7 6. f4 a6 7.
Nxc6 Qxc6 8. Bd3 Bb4 9. Bd2 Ne7 10. Qe2 d5 11. O-O-O d4 12. Nb5 Bxd2+ 13. Rxd2 O-O 14.
Nxd4 Qb6 15. Nf3 Rd8 16. Kb1 Bd7 17. Rhd1 Rac8 18. Ne5 Be8 19. Nc4 Qc7 20. e5 Ng6 21. g3 Bc6 22. Nd6 Rb8 23. h4 Bd5 24. c4 Bc6 25. h5 Nf8 26. g4 b5 27. cxb5 axb5 28.
Rc1 Qb6 29. Be4 Bxe4+ 30. Qxe4 b4 31. f5 b3 32. a3 exf5 33. gxf5 h6 34. f6 Nh7 35.
fxg7 Ng5 36. Qf5 Qe3 37. Rg2 Rxd6 38. exd6 Kxg7 39. Rf2 Re8 40. d7 Rf8 41. Qf6+ Kh7 42. Qf5+ Kg7 43. Rd1 f6 44. Rfd2 Rd8 45. Qg6+ 1-0

[Event "*** Titled Tuesday 3|2 Blitz"]
[Site "Chess.com"]
[Date "2016.01.05"]
[Round "1"]
[White "Hikaru"]
[Black "BellJackson95"]
[Result "1-0"]
[WhiteElo "2901"]
[BlackElo "2275"]
[TimeControl "180+2"]
[EndTime "11:08:59 PST"]
[Termination "Hikaru won by resignation"]

1. d4 Nf6 2. Bf4 d5 3. e3 c5 4. Nc3 cxd4 5. Qxd4 a6 6. Bxb8 Rxb8 7. O-O-O e6 8. e4 Be7 9. exd5 exd5 10. Nxd5 O-O 11. Nxf6+ Bxf6 12. Qxd8 Rxd8 13. Rxd8+ Bxd8 14. Bd3 Be6 15. Ne2 Bc7 16. a3 g5 17. h4 g4 18. Re1 Bd5 19. g3 Re8 20. Kd2 Rd8 21. Nc3 Bf3 22.
Ne4 Ba5+ 23. c3 Bb6 24. Kc2 Kg7 25. Ng5 h6 26. Nxf3 gxf3 27. Re7 Bxf2 28. Bc4 Rf8 29. Bd5 Bxg3 30. Bxf3 b6 31. Ra7 a5 32. Rb7 Rb8 33.
Rd7 Bxh4 34. Bh5 Rf8 35. Rb7 Bd8 36. Kd3 Kf6 37. b4 Kg5 38. Bxf7 h5 39. Bd5 h4 40. Rh7 Kf4 41. Kc4 Bf6 42. Kb5 Bxc3 43. Rxh4+ Kg5 44. Rc4 axb4 45. axb4 Be5 46. Kxb6 Rb8+ 47. Bb7 Kf6 48. b5 Ke7 49. Rh4 Kd6 50. Rh6+ Kd7 51. Ka7 Bf4 52.
Bc6+ Ke7 53. Rh4 Bg3 54. Rg4 Bh2 55. b6 Bd6 56. Re4+ Kf6 57. Bd5 Kf5 58. Re6 Bf4 59. Re7 Bd6 60. Rd7 Bf4 61. b7 Kf6 62. Rf7+ Ke5 63. Kxb8 1-0

[Event "*** Titled Tuesday 3|2 Blitz"]
[Site "Chess.com"]
[Date "2016.01.05"]
[Round "1"]
[White "chorejason"]
[Black "GianmarcoVaR"]
[Result "0-1"]
[WhiteElo "1871"]
[BlackElo "2289"]
[TimeControl "180+2"]
[EndTime "11:09:04 PST"]
[Termination "GianmarcoVaR won on time"]

1. e4 c6 2. d4 d5 3. Nc3 dxe4 4. Nxe4 Bf5 5. Ng3 Bg6 6. h4 h6 7. Nf3 Nd7 8. h5 Bh7 9. Bd3 Bxd3 10. Qxd3 e6 11. Bf4 Qa5+ 12. Bd2 Bb4 13. c3 Be7 14. c4 Qc7 15. O-O-O Ngf6 16. Kb1 b5 17. cxb5 cxb5 18. Qxb5 Rb8 19. Qd3 O-O 20. Rc1 Qb7 21. b3 Qd5 22. Qe2 a5 23. Qc4 Qa8 24. Qa4 Bb4 25. Rc7 Bxd2 26. Nxd2 Qxg2 27. Rxd7 Nxd7 28. Qxd7 Rfd8 29. Qa4 Qxf2 30. Nde4 Qxd4 31. Qxa5 f5 32. Nc5 Ra8 33. Qb6 Rd6 34. Qb7 Rad8 35. Rc1 Rd5 36. Nxe6 Qd3+ 37. Kb2 Qxg3 38. Rc8 Qg2+ 39. Rc2 Qg3 40. Rc7 Qe5+ 0-1

[Event "*** Titled Tuesday 3|2 Blitz"]
[Site "Chess.com"]
[Date "2016.01.05"]
[Round "1"]
[White "Frolyanov_D"]
[Black "AdrianaNikolova"]
[Result "1-0"]
[WhiteElo "2480"]
[BlackElo "2183"]
[TimeControl "180+2"]
[EndTime "11:09:21 PST"]
[Termination "Frolyanov_D won by resignation"]

1. e4 c5 2. Nf3 Nc6 3. Nc3 d6 4. Bb5 Bd7 5. O-O Nf6 6. Bxc6 Bxc6 7. e5 dxe5 8. Nxe5 Qc7 9. Re1 e6 10. d4 Rd8 11. Bg5 Be7 12. Bxf6 Bxf6 13. Nxc6 bxc6 14. Qh5 cxd4 15. Ne4 Be7 16. Rad1 O-O 17. Rd3 f5 18. Ng5 Bxg5 19. Qxg5 Rf6 20. Rg3 Rg6 21. Qd2 Rxg3 22. hxg3 e5 23. Qg5 g6 24. Rxe5 Qxe5 25. Qxd8+ Kg7 26. Kh2 c5 27. Qd7+ Kh6 28. Qxa7 c4 29. Qd7 Qe4 30. Qd8 Kg7 31. a4 d3 32.
cxd3 cxd3 33. a5 Qe2 34. Qd4+ Kf7 35. a6 d2 36. a7 Qh5+ 37. Qh4 Qxh4+ 38. gxh4 d1=Q 39.
a8=Q Qd4 40. Qb7+ Kf6 41. Qc6+ Kf7 42. Qc7+ Kf6 43. Qc3 Qxc3 44. bxc3 Ke5 45. Kg3 Kd5 46.
Kf4 Kc4 47. Kg5 Kxc3 48. Kh6 Kd3 49. Kxh7 Ke2 50. Kxg6 f4 51. Kf5 Kxf2 52. Kxf4 Kxg2 53. h5 Kf2 54. h6 Ke2 1-0

[Event "*** Titled Tuesday 3|2 Blitz"]
[Site "Chess.com"]
[Date "2016.01.05"]
[Round "1"]
[White "ER404"]
[Black "VSERGUEI"]
[Result "0-1"]
[WhiteElo "2121"]
[BlackElo "2444"]
[TimeControl "180+2"]
[EndTime "11:09:29 PST"]
[Termination "VSERGUEI won by resignation"]

1. d4 d5 2. c4 c6 3. cxd5 cxd5 4. Bf4 Nc6 5. e3 Nf6 6. Nc3 a6 7. Bd3 Bg4 8. Nge2 e6 9. O-O Bd6 10. f3 Bh5 11. Na4 Bg6 12. Rc1 O-O 13. Nc5 Bxc5 14. Rxc5 Nh5 15. Bxg6 hxg6 16. Qb3 Nxf4 17. Nxf4 Na5 18.
Qc3 b6 19. Rc7 Nc4 20. Rxc4 dxc4 21. Qxc4 b5 22. Qc6 Qc8 23. Qd6 Rd8 24. Qe5 Qb8 25. Qg5 Re8 26. Nd3 Qd8 27. Qg4 Qd5 28. h4 Qf5 29.
Qxf5 gxf5 30. Kf2 Rac8 31. Nc5 e5 32. Rd1 f4 33. exf4 exd4 34. Nxa6 Rc2+ 35. Kg3 Ree2 36. Kg4 Rxg2+ 37. Kf5 Rgd2 38. Re1 g6+ 39. Kg5 Rg2+ 40. Kh6 Rge2 41. Rd1 Rh2 42. Rxd4 Rxh4+ 43. Kg5 Rh5+ 44. Kf6 Rf5+ 45. Ke7 Re2+ 46. Kd7 Rxb2 47. Nc7 Rxa2 48. Nd5 Kg7 49. Ne7 Rf6 50. Nd5 Re6 51. Nc7 Ree2 52.
Nxb5 Rad2 53. Kd6 Kf6 54. Kd5 Kf5 55. Nd6+ Kf6 56. Ne4+ Rxe4 57. fxe4 Rf2 58. e5+ Kf5 59. Kd6 Rxf4 60. Rd5 Kg4 61. Ke7 g5 62. Rd6 Rf5 63.
Rf6 Rxe5+ 64. Kxf7 Rf5 65. Kg6 Rxf6+ 66. Kxf6 0-1

[Event "*** Titled Tuesday 3|2 Blitz"]
[Site "Chess.com"]
[Date "2016.01.05"]
[Round "1"]
[White "PowerThinking2650"]
[Black "TheLancer"]
[Result "0-1"]
[WhiteElo "2079"]
[BlackElo "2388"]
[TimeControl "180+2"]
[EndTime "11:09:29 PST"]
[Termination "TheLancer won on time"]

1. e4 c5 2. Nf3 g6 3. d4 cxd4 4. Nxd4 Bg7 5. c4 Nc6 6. Be3 Nf6 7. Nc3 d6 8. Be2 O-O 9. O-O Nxd4 10. Bxd4 Be6 11.
b3 Qa5 12. Rc1 Rfc8 13. f4 a6 14. f5 Bd7 15. g4 Bc6 16. g5 Nxe4 17. Bxg7 Kxg7 18.
Nxe4 Bxe4 19. f6+ exf6 20. gxf6+ Kh8 21. Qxd6 Qxa2 22. Rf2 Qxb3 23. Qf4 Bf5 24. Rf3 Qb6+ 25. c5 Qxf6 26. Bd3 a5 27. Bxf5 gxf5 28. Qxf5 Qxf5 29. Rxf5 Rc7 30. Ra1 a4 31. Rf4 Rxc5 32. Rfxa4 Rxa4 33. Rxa4 Rb5 34. Ra8+ Kg7 35. Kg2 Rb2+ 36. Kg3 b5 37. Rb8 b4 38. Rb6 b3 39. h3 Rb1 40.
Kg2 f6 41. Kh2 Kg6 42. Rb5 f5 43. Kg2 Kg5 44. Rb4 b2 45. h4+ Kh5 46. Kh2 f4 47.
Rxf4 Rc1 0-1

[Event "*** Titled Tuesday 3|2 Blitz"]
[Site "Chess.com"]
[Date "2016.01.05"]
[Round "1"]
[White "gumersindo"]
[Black "saraswathii"]
[Result "1/2-1/2"]
[WhiteElo "2276"]
[BlackElo "1902"]
[TimeControl "180+2"]
[EndTime "11:09:35 PST"]
[Termination "Game drawn - insufficient material"]

1. d4 Nc6 2. c4 e5 3. d5 Nce7 4. Nc3 Ng6 5. e4 Nf6 6. Nf3 Bb4 7. Bd3 O-O 8. O-O d6 9. h3 Nh5 10. Re1 Nhf4 11. Bf1 f5 12. exf5 Bxf5 13. a3 Bxc3 14.
bxc3 Qf6 15. Be3 Rae8 16. Nh2 h5 17. c5 Rd8 18. cxd6 cxd6 19. c4 b6 20. a4 Rf7 21.
a5 bxa5 22. Rxa5 Rdd7 23. Qa1 h4 24. Qd1 Qg5 25. Kh1 Be4 26. Qg4 Qxg4 27. Nxg4 Nxh3 28. Kh2 Nhf4 29. f3 Bf5 30. Nf2 Rb7 31. Rea1 Rb2 32.
Rxa7 Rxa7 33. Rxa7 h3 34. gxh3 Rb3 35. Bxf4 Nxf4 36. Kg3 Nh5+ 37. Kh2 Rxf3 38. Kg2 e4 39. Be2 Nf4+ 40. Kf1 Bxh3+ 41. Ke1 Nxe2 42. Kxe2 Bf5 43.
c5 dxc5 44. d6 Rb3 45. Rc7 Rb8 46. Rxc5 g6 47. Ke3 Rd8 48. Rd5 Kf7 49. Nxe4 Re8 50.
d7 Rd8 51. Nc5 Ke7 52. Kf4 Bxd7 53. Kg5 Bc6 54. Rxd8 Kxd8 55. Kxg6 Kc7 56. Kf6 Kd6 57. Kf7 Kxc5 1/2-1/2

[Event "*** Titled Tuesday 3|2 Blitz"]
[Site "Chess.com"]
[Date "2016.01.05"]
[Round "1"]
[White "wilju"]
[Black "grandmastergauri"]
[Result "1-0"]
[WhiteElo "1825"]
[BlackElo "2252"]
[TimeControl "180+2"]
[EndTime "11:09:43 PST"]
[Termination "wilju won by resignation"]

1. e4 c6 2. d4 d5 3. Nd2 dxe4 4. Nxe4 Bf5 5. Ng3 Bg6 6. Nf3 Nd7 7. h4 h6 8. h5 Bh7 9. Bc4 e6 10. O-O Ngf6 11. Re1 Be7 12. Bb3 O-O 13. c3 Qc7 14. Qe2 Nd5 15. Bd2 a5 16. a4 Qb6 17. Qd1 Bd6 18. Ne4 Bc7 19. c4 Nf4 20. c5 Qa6 21. Rc1 Nxh5 22. Bc4 Qa7 23. Ne5 Nhf6 24. Nxd7 Nxd7 25.
Qf3 Rad8 26. Bc3 Bxe4 27. Rxe4 Nf6 28. Re2 Nd5 29. Rce1 Qb8 30. Qg4 Bf4 31. Re4 Bg5 32. R4e2 Qc7 33. Rf1 b6 34. f4 Bf6 35. f5 Nxc3 36.
bxc3 bxc5 37. fxe6 fxe6 38. Rxe6 Kh8 39. Bd3 c4 40. Be4 Bg5 41. Rxf8+ Rxf8 42. g3 Qb8 43. Bc2 Qb2 44. Qe4 Qc1+ 45. Kh2 Rf2+ 46. Kh3 Qf1+ 47. Kg4 Kg8 48. Qh7+ Kf7 49. Qg6+ Kg8 50. Re8+ Rf8 51. Qh7+ Kf7 52. Bg6+ Kf6 53. Rxf8+ 1-0

[Event "*** Titled Tuesday 3|2 Blitz"]
[Site "Chess.com"]
[Date "2016.01.05"]
[Round "1"]
[White "Grootneus"]
[Black "bugsbunny444"]
[Result "0-1"]
[WhiteElo "2015"]
[BlackElo "2362"]
[TimeControl "180+2"]
[EndTime "11:09:46 PST"]
[Termination "bugsbunny444 won by checkmate"]

1. e4 e6 2. d4 d5 3. Nc3 Nf6 4. Bg5 Bb4 5. exd5 Qxd5 6. Bxf6 Bxc3+ 7. bxc3 gxf6 8. Qg4 Ke7 9. Nf3 Qa5 10. Kd2 Bd7 11. Bd3 Nc6 12. Qh4 Rag8 13. Rhg1 h5 14. h3 Rh6 15. Rab1 b6 16. Rb5 Qxa2 17. d5 Nd8 18.
Qf4 Bxb5 19. Bxb5 Qxd5+ 20. Nd4 Qg5 21. Qxg5 Rxg5 22. h4 Rc5 23. Bd3 Nc6 24. Nb5 Ne5 25.
Nxa7 Ra5 26. f4 Rxa7 27. fxe5 fxe5 28. Re1 f6 29. Be4 f5 30. Bf3 e4 31. Bd1 Ra8 32.
Ke3 Rg8 33. Kf2 Rd8 34. Ke3 Kf6 35. Be2 Ke5 36. g3 Rg8 37. Rg1 Rxg3+ 38. Rxg3 f4+ 39. Kf2 fxg3+ 40. Kxg3 Kf5 41. Bd1 Rg6+ 42. Kf2 Rg8 43. Bxh5 Rh8 44. Be2 Rxh4 45. Ke1 Rh2 46. Kd2 Kf4 47.
Kd1 Ke3 48. c4 Rxe2 49. c5 Rh2 50. Kc1 Rh1+ 51. Kb2 Kd2 52. c6 e3 53. Kb3 e2 54.
Kb4 e1=Q 55. Kb5 Qe2+ 56. Kb4 Rb1+ 57. Ka4 Qa6# 0-1

[Event "*** Titled Tuesday 3|2 Blitz"]
[Site "Chess.com"]
[Date "2016.01.05"]
[Round "1"]
[White "Krutoy123"]
[Black "MapleDanish"]
[Result "0-1"]
[WhiteElo "2341"]
[BlackElo "2079"]
[TimeControl "180+2"]
[EndTime "11:09:52 PST"]
[Termination "MapleDanish won by resignation"]

1. e4 e5 2. Nf3 Nc6 3. Bb5 Nf6 4.
O-O Nxe4 5. d4 Nd6 6. Bxc6 dxc6 7. dxe5 Nf5 8. Qxd8+ Kxd8 9. h3 Ke8 10. Nc3 Be7 11. Re1 Nh4 12. Nh2 Be6 13. Be3 b6 14. g4 Bb4 15. a3 Bxc3 16. bxc3 Bd5 17. f4 h5 18. g5 Be6 19. Kf2 Rd8 20. Nf1 Bxh3 21.
Ng3 Nf5 22. Ne2 Bg4 23. Nc1 Ke7 24. Nd3 c5 25. a4 a5 26. Rg1 Nxe3 27. Kxe3 Bf5 28.
Ne1 Rd7 29. Rh1 g6 30. Rc1 Rhd8 31. Nf3 Bg4 32. Nh2 Be6 33. Rhf1 Bh3 34. Rf3 Bf5 35. Rff1 Rd2 36. Nf3 Rxc2 37. Rxc2 Bxc2 38. Nh4 Rd3+ 39. Ke2 Rh3 40. Nf3 Bxa4 41. c4 Bd7 42. Kf2 Bg4 43.
Nd2 Rh2+ 44. Ke3 Re2+ 45. Kd3 Rg2 46. Ke3 h4 47. Ne4 h3 48. Nf6 Be6 49. f5 Bxf5 50. Nd5+ Kd7 51. Rd1 Kc8 52. Ne7+ Kb7 53. Nxf5 gxf5 54. Kf4 h2 55. Rh1 a4 56. Kf3 Rxg5 57. Rxh2 Rg4 58. Rh5 a3 59. Rxf5 Rg1 60. Kf2 Rb1 0-1

[Event "*** Titled Tuesday 3|2 Blitz"]
[Site "Chess.com"]
[Date "2016.01.05"]
[Round "1"]
[White "Cecile_Haussernot"]
[Black "Boryboy"]
[Result "0-1"]
[WhiteElo "2196"]
[BlackElo "2505"]
[TimeControl "180+2"]
[EndTime "11:09:56 PST"]
[Termination "Boryboy won by resignation"]

1. e4 e6 2. d4 d5 3. Nc3 Nf6 4. e5 Ne4 5. Nxe4 dxe4 6. Ne2 c5 7. Be3 Nc6 8. dxc5 Qc7 9. Qd2 Qxe5 10. O-O-O Bxc5 11. Bf4 Qf6 12. Bg5 e3 13. Bxe3 Bxe3 14. Qxe3 O-O 15. Nc3 Qe7 16. Bb5 Bd7 17. Rd2 Rfc8 18.
Rhd1 Be8 19. Kb1 a6 20. Bd3 h6 21. Qe4 g6 22. h4 Qc5 23. g4 Nb4 24. h5 Nxd3 25. Rxd3 g5 26. Qe2 Bc6 27. Rd6 b5 28.
Rxe6 b4 29. Rg6+ Kf8 30. Rxc6 Qxc6 31. Nd5 Re8 32. Qd3 Re5 33. Qd4 Rae8 34. Qxb4+ Kg8 35.
Ne3 Qf3 36. Qd6 R5e6 37. Qd4 Re4 38. Qd6 R4e6 39. Qd7 a5 40. a3 Qxf2 41. Nf5 Re1 42. Nxh6+ Kh7 43. Ka2 Kxh6 44. Rd6+ Kh7 45. Qb5 R1e5 46.
Qd3+ Re4 47. Qd5 Qf4 48. Rd7 R8e7 49. Rd8 Qf6 50. Qd3 Kg7 51. Rd5 R7e5 52. Rd7 Qe6+ 53. b3 a4 54. Rd6 axb3+ 55. Kb2 Qe7 56. Rd7 Qf6 57. Kxb3 Re3 0-1

[Event "*** Titled Tuesday 3|2 Blitz"]
[Site "Chess.com"]
[Date "2016.01.05"]
[Round "1"]
[White "RitchieBlackmore"]
[Black "Moltini"]
[Result "1/2-1/2"]
[WhiteElo "2437"]
[BlackElo "2155"]
[TimeControl "180+2"]
[EndTime "11:10:07 PST"]
[Termination "Game drawn - insufficient material"]

1. d4 Nf6 2. Nc3 d5 3. Bg5 e6 4. e4 dxe4 5. Nxe4 Be7 6. Bxf6 Bxf6 7. Nf3 O-O 8. c3 b6 9. Bd3 Bb7 10. Qc2 h6 11. O-O-O Nd7 12. h4 Qe7 13. g4 g6 14. g5 Bg7 15. h5 hxg5 16. hxg6 g4 17. gxf7+ Rxf7 18. Nfg5 Rf5 19. Rh5 Raf8 20. Rdh1 Nf6 21.
Nxf6+ Bxf6 22. Bxf5 Bxg5+ 23. Kb1 Bxh1 24. Bh7+ Kh8 25.
Rxh1 Rf6 26. Qe4 Rh6 27. Rxh6 Bxh6 28. Bf5 Qg5 29. Qe5+ Kg8 30. Bxe6+ Kf8 31. Qxg5 Bxg5 32. Bxg4 Ke7 33. Kc2 Kf6 34. Kd3 Bf4 35. Ke4 Kg5 36. Bc8 a5 37. b3 Bd6 38. c4 Kf6 39. f4 Bf8 40. Kd5 Bd6 41. f5 Bg3 42. Kc6 Ke7 43.
a3 Bf2 44. d5 Bg3 45. b4 axb4 46.
axb4 Bd6 47. c5 bxc5 48. bxc5 Bg3 49. Be6 Bf4 50. Kb5 Be5 51. Kc4 Bg3 52. Kd3 Be5 53. Ke4 Bf6 54. Bc8 Bh4 55. Ba6 Bf2 56. d6+ cxd6 57. c6 Bb6 58. Kd5 Bc7 59. Bd3 Kf6 60. Bc2 Bb8 61. Be4 Bc7 62. Bc2 Ke7 63. Kc4 Kf6 64. Be4 Ke5 65. Kb5 Kf6 66. Ka6 d5 67. Bd3 Ke7 68. Kb7 Kd8 69. f6 Bd6 70. f7 Ke7 71. c7 Bxc7 72. Kxc7 Kxf7 73. Kc6 Kf6 74.
Kc5 Ke7 75. Kd4 Kd7 76. Be2 Ke7 77. Bf3 Kd6 78. Bg2 Ke7 79. Bf3 Kd6 80. Bxd5 1/2-1/2